 Dungeon Crawl Stone Soup version 0.28-a0-589-g333b8329f1 (webtiles) character file.

Game seed: 11639058377308309572

687 iamoutofideas the Cleaver (level 7, -1/60 HPs)
             Began as a Hill Orc Gladiator on Oct 3, 2021.
             Slain by Grinder (3 damage)
             ... on level 5 of the Dungeon on Oct 4, 2021.
             The game lasted 00:05:48 (4694 turns).

iamoutofideas the Cleaver (Hill Orc Gladiator)      Turns: 4694, Time: 00:05:49

Health: -1/60      AC:  8    Str: 19    XL:     7   Next: 62%
Magic:  7/7        EV: 11    Int:  8    God:
Gold:   137        SH:  0    Dex: 12    Spells: 6/6 levels left

rFire   . . .      SeeInvis .   a - +0 war axe
rCold   . . .      Faith    .   (no shield)
rNeg    . . .      Spirit   .   s - +0 ring mail
rPois   .          Reflect  .   c - +0 helmet
rElec   .          Harm     .   m - +0 cloak
rCorr   .          Rampage  .   (no gloves)
Will    .....                   f - +0 pair of boots
Stlth   +.........              (no amulet)
HPRegen 0.20/turn               (no ring)
MPRegen 0.10/turn               (no ring)

@: no status effects
A: no striking features
a: no special abilities


You were on level 5 of the Dungeon.
You visited 1 branch of the dungeon, and saw 5 of its levels.

You collected 137 gold pieces.

Inventory:

Hand Weapons
 a - a +0 war axe (weapon)
Missiles
 d - 3 throwing nets (quivered)
 l - 2 atropa-tipped darts
Armour
 b - a +0 leather armour
 c - a +0 helmet (worn)
 f - a +0 pair of boots (worn)
 k - a scarf of shadows
 m - a +0 cloak (worn)
 s - a +0 ring mail (worn)
Jewellery
 t - a ring of magical power
Wands
 e - a wand of flame (11)
 v - a wand of paralysis (8)
Scrolls
 j - a scroll of noise {unknown}
 n - a scroll of silence {unknown}
 p - 2 scrolls of identify {unknown}
 q - a scroll of brand weapon {unknown}
 w - a scroll of enchant armour {unknown}
Potions
 h - a potion of lignification {unknown}
 i - a potion of might
 o - 4 potions of heal wounds {unknown}
 r - a potion of magic {unknown}
 u - a potion of ambrosia {unknown}


   Skills:
 + Level 4.4 Fighting
 * Level 10.3 Axes
 - Level 1.8 Throwing
 - Level 0.3 Armour
 - Level 2.7 Dodging


You had 6 spell levels left.
You didn't know any spells.
Your spell library contained the following spells:

 Spells                   Type           Power      Damage    Failure   Level
 Animate Skeleton         Necr           0%         N/A       58%         1
 Pain                     Necr           0%         1d4       58%         1
 Sandblast                Erth           0%         2d4       58%         1
 Passwall                 Tmut/Erth      0%         N/A       75%         2
 Gell's Gravitas          Tloc           0%         N/A       92%         3
 Stone Arrow              Conj/Erth      0%         3d7       92%         3
 Teleport Other           Tloc           0%         N/A       92%         3
 Vampiric Draining        Necr           0%         2d6       92%         3
 Airstrike                Air            0%         N/A       100%        4
 Summon Lightning Spire   Summ/Air       0%         N/A       100%        4
 Lightning Bolt           Conj/Air       0%         1d11      100%        5
 Dispersal                Tloc           0%         N/A       100%        6


Dungeon Overview and Level Annotations

Branches:
Dungeon (5/15)
 Temple: D:4-7

Altars:

Annotations:
D:5 Grinder


Message History

No target in view!
You see here an adder corpse.
Grinder comes into view.
Grinder is nearby!
Grinder is nearby!
Grinder is nearby!
Found a scroll labelled LYENLI FU ALUI.
Grinder drinks a potion.
Grinder seems to grow stronger.
Grinder is nearby!
You hit Grinder but do no damage. Grinder hits you!
You writhe in agony.
You closely miss Grinder. Grinder gestures at you.
You struggle to resist.
You slash Grinder!
Grinder is moderately wounded.
Grinder barely misses you.
You slash Grinder!
Grinder is severely wounded.
Grinder hits you.
You writhe in agony.
You slash Grinder!
Grinder is almost dead.
Grinder hits you!
You closely miss Grinder.
Grinder is almost dead.
Grinder hits you.
You writhe in agony.
You are too injured to fight recklessly!
You barely miss Grinder.
Grinder is almost dead.
Grinder hits you.
You writhe in agony.
* * * LOW HITPOINT WARNING * * *
You barely miss Grinder.
Grinder is almost dead.
Grinder hits you.
* * * LOW HITPOINT WARNING * * *
You writhe in agony.
* * * LOW HITPOINT WARNING * * *
You feel better. Grinder hits you!
* * * LOW HITPOINT WARNING * * *
You writhe in agony.
You die...

.?# #.# # #.+ #. # # #.#
.##.#. #.# ..#.# #.#
#.#.##### #5#
######.#.#...###@#
............#....#######
.#####.#####.###........
.# #.# ##..........#
.#####.### #.##########
.........# #.#
..###....# #.#
#..###.#.# #.# ##.#
###.# #.#


You could see Grinder (strong).

Vanquished Creatures
  Sigmund (D:5)
  An ogre (D:5)
  A phantom (D:4)
  A hound (D:5)
  2 orc priests (D:4)
  Ijyb (D:4)
  4 orc wizards
  4 gnolls (D:4)
  4 adders
  A howler monkey skeleton (D:5)
  An adder skeleton (D:4)
  2 worms
  2 dart slugs (D:1)
  13 orcs
  7 endoplasms
  2 giant cockroaches (D:2)
  4 goblins
  8 hobgoblins
  11 jackals
  7 kobolds
  6 ball pythons
  4 bats
  3 rats (D:1)
90 creatures vanquished.

Notes
Turn   | Place    | Note
-------+----------+-------------------------------------------
     0 | D:1      | iamoutofideas the Hill Orc Gladiator began the quest for
                  | the Orb.
     0 | D:1      | Reached XP level 1. HP: 18/18 MP: 1/1
   158 | D:1      | Reached XP level 2. HP: 23/25 MP: 2/2
   612 | D:1      | Reached XP level 3. HP: 29/30 MP: 3/3
   872 | D:2      | Reached skill level 5 in Axes
   998 | D:2      | Found a faded altar of an unknown god.
  1283 | D:2      | Reached XP level 4. HP: 25/37 MP: 4/4
  2312 | D:3      | Reached skill level 6 in Axes
  2353 | D:3      | Reached XP level 5. HP: 33/45 MP: 5/5
  2852 | D:4      | Noticed a phantom
  2864 | D:4      | Killed a phantom
  2865 | D:4      | Reached skill level 7 in Axes
  2865 | D:4      | Reached XP level 6. HP: 45/51 MP: 6/6
  2875 | D:4      | Reached skill level 8 in Axes
  3610 | D:4      | Noticed Ijyb
  3622 | D:4      | Killed Ijyb
  4460 | D:5      | Entered Level 5 of the Dungeon
  4464 | D:5      | Noticed Sigmund
  4474 | D:5      | Killed Sigmund
  4475 | D:5      | Reached skill level 9 in Axes
  4475 | D:5      | Reached XP level 7. HP: 59/59 MP: 7/7
  4530 | D:5      | Reached skill level 10 in Axes
  4682 | D:5      | Noticed Grinder
  4694 | D:5      | HP: 2/60 [Grinder (12)]
  4694 | D:5      | Slain by Grinder

Illustrated notes

Levels and vault maps discovered:
D:1:      scummos_arrival_simple_fountains, layout_basic,
          chequers_serial_rivers_marsh, amethyst_killhole, nrook_mini_vaults
D:2:      layout_basic, chequers_ecumenical_altar_island,
          kennysheep_cluttered_room
D:3:      layout_basic, grunt_decor_mini_mirrors, serial_bayou_ford_a,
          chequers_garden
D:4:      layout_basic, uniq_ijyb
D:5:      layout_loops_ring, minmay_misc_feat_plants, minmay_pentangle,
          uniq_grinder, uniq_sigmund

Skill      XL: |  1  2  3  4  5  6  7 |
---------------+----------------------+-----
Axes           | 5 6 7 9 10 | 10.3
Fighting       | 3 4 |  4.4
Throwing       | |  1.8
Armour         | |  0.3
Dodging        | |  2.7

Action                   |  1- 3 |  4- 6 |  7- 9 || total
-------------------------+-------+-------+-------++-------
Melee: War axe           |    93 |   147 |    38 ||   278
  Use: Potion            |       |     4 |     1 ||     5
       Scroll            |       |     3 |       ||     3
Armor: Leather armour    |    38 |    22 |       ||    60
       Ring mail         |       |    42 |    10 ||    52
Dodge: Dodged            |    75 |    77 |    18 ||   170

Table legend: (Time is in decaauts)
 A = Elapsed time spent in this place.
 B = Non-inter-level travel time spent in this place.
 C = Inter-level travel time spent in this place.
 D = Time resting spent in this place.
 E = Time spent auto-exploring this place.
 F = Levels seen in this place.
 G = Mean time per level.
                   A        B        C        D        E       F      G
               +--------+--------+--------+--------+--------+-----+--------+
         Total |   4761 |   4632 |    129 |    755 |   3061 |   5 |  952.2 |
       Dungeon |   4761 |   4632 |    129 |    755 |   3061 |   5 |  952.2 |
               +--------+--------+--------+--------+--------+-----+--------+

Top non-repeatable levels by time:
     D:4: 1435 daAuts
     D:3: 1286 daAuts
     D:2: 969 daAuts
     D:1: 835 daAuts
     D:5: 234 daAuts
